 Dungeon Crawl Stone Soup version 0.27.1-33-g824d729ab1 (webtiles) character file.

Game seed: 12551041726458530297

15 zeram the Sneak (level 2, 0/13 HPs)
             Began as a Spriggan Enchanter on Dec 12, 2021.
             Succumbed to an adder's poison
             ... on level 2 of the Dungeon.
             The game lasted 00:01:09 (989 turns).

zeram the Sneak (Spriggan Enchanter)                 Turns: 989, Time: 00:01:10

Health: 0/13       AC:  2    Str:  4    XL:     2   Next: 34%
Magic:  1/6        EV: 17    Int: 16    God:
Gold:   54         SH:  0    Dex: 15    Spells: 3/6 levels left

rFire    . . .     SeeInvis +   a - +1 dagger
rCold    . . .     Faith    .   (shield restricted)
rNeg     . . .     Spirit   .   b - +0 robe
rPois    .         Reflect  .   (helmet restricted)
rElec    .         Harm     .   (no cloak)
rCorr    .         Rampage  .   (gloves unavailable)
Will     .....                  (boots unavailable)
Stlth    +++.......             (no amulet)
HPRegen  0.04/turn              (no ring)
MPRegen  0.10/turn              (no ring)

@: lethally poisoned (0 -> -4), very quick
A: very small, no large weapons, unfitting armour, see invisible, speed 3
a: no special abilities


You were on level 2 of the Dungeon.
You visited 1 branch of the dungeon, and saw 2 of its levels.

You collected 54 gold pieces.

Inventory:

Hand Weapons
 a - a +1 dagger (weapon)
Armour
 b - a +0 robe (worn)
Potions
 c - 2 potions of heal wounds {unknown}
 d - 2 potions of brilliance {unknown}
 e - a potion of invisibility {unknown}


   Skills:
 - Level 1.1 Short Blades
 + Level 2.9 Dodging
 + Level 4.8 Stealth
 + Level 2.9 Spellcasting
 + Level 4.0 Hexes


You had 3 spell levels left.
You knew the following spells:

 Your Spells              Type           Power      Damage    Failure   Level
a - Corona                Hex            16%        N/A       3%          1
b - Ensorcelled Hibernat  Hex/Ice        16%        N/A       12%         2

Your spell library contained the following spells:

 Spells                   Type           Power      Damage    Failure   Level
 Confusing Touch          Hex            15%        N/A       11%         3
 Tukima's Dance           Hex            15%        N/A       11%         3
 Dazzling Flash           Conj/Hex       16%        N/A       24%         3


Dungeon Overview and Level Annotations

Branches:
Dungeon (2/15)

Altars:


Innate Abilities, Weirdness & Mutations

You are very small and have problems with some larger weapons.
You are too small for most types of armour.
You have supernaturally acute eyesight. (SInv)
You cover ground extremely quickly. (Speed+++)


Message History

You are too injured to fight recklessly!
You are too injured to fight recklessly!
You are too injured to fight recklessly!
You are too injured to fight recklessly!
Unknown command.
You see here a bat corpse.
Aiming: Corona (safe; 3% risk of failure)
Press: ? - help, Q - select action Shift-Dir - straight line, f - ball python
Aim: a ball python (chance to affect: 69%)
The ball python barely resists.
Memorise Ensorcelled Hibernation, consuming 2 spell levels and leaving 3?
Okay, then.
Memorise Ensorcelled Hibernation, consuming 2 spell levels and leaving 3?
You start memorising the spell.
You continue memorising.
The adder barely misses you. The adder misses you.
You continue memorising.
The adder misses you.
You finish memorising.
Spell assigned to 'b'.
Casting: Corona (safe; 3% risk of failure)
Confirm with . or Enter, or press ? or * to list all spells.
Aiming: Ensorcelled Hibernation (safe; 12% risk of failure)
Press: ? - help, Shift-Dir - straight line, f/p - ball python
Aim: a ball python (chance to affect: 57%)
The adder resists with some effort.
The adder bites you.
* * * LOW HITPOINT WARNING * * *
You are lethally poisoned!
The adder poisons you!
Casting: Ensorcelled Hibernation (safe; 12% risk of failure)
Confirm with . or Enter, or press ? or * to list all spells.
Aiming: Ensorcelled Hibernation (safe; 12% risk of failure)
Press: ? - help, Shift-Dir - straight line, f/p - ball python
Aim: a ball python (chance to affect: 57%)
The adder looks drowsy...
* * * LOW HITPOINT WARNING * * *
You feel sick.
Unknown command.
The helpless adder fails to defend itself.
You impale the adder!!
You kill the adder!
You die...

....... .......
....... .......
.......
.......#########
.........S†@...#
.........#####+##
.................
:...............#
#########.......#
#.............#
#.............#
#.............#
#.............#


You could see a ball python.

Vanquished Creatures
  An adder (D:2)
  A ball python (D:1)
  2 endoplasms (D:1)
  A giant cockroach (D:1)
  A hobgoblin (D:1)
  A quokka (D:1)
  A bat (D:2)
  7 frilled lizards (D:1)
  A goblin (D:1)
  A rat (D:1)
17 creatures vanquished.

Vanquished Creatures (others)
  4 plants (D:1)
4 creatures vanquished.

Grand Total: 21 creatures vanquished

Notes
Turn   | Place    | Note
-------+----------+-------------------------------------------
     0 | D:1      | zeram the Spriggan Enchanter began the quest for the Orb.
     0 | D:1      | Reached XP level 1. HP: 9/9 MP: 5/5
   552 | D:1      | Reached XP level 2. HP: 11/13 MP: 6/6
   987 | D:2      | Learned a level 2 spell: Ensorcelled Hibernation
   989 | D:2      | Succumbed to an adder's poison

Illustrated notes

Levels and vault maps discovered:
D:1:      sevenhm_arrival_forest_fort_large_2, layout_basic,
          minmay_misc_feat_tiny, minmay_lizard_king
D:2:      layout_basic, shapermc_ecumenical_altar_venn

Skill      XL: |  1  2 |
---------------+-------+-----
Hexes          | 4 |  4.0
Short Blades   | |  1.1
Dodging        | |  2.9
Stealth        | |  4.8
Spellcasting   | |  2.9

Action                   || total
-------------------------++-------
Melee: Dagger            ||    68
 Cast: Ensorcelled Hiber ||     2
       Corona            ||     1
 Stab: Sleeping          ||     4
Armor: Robe              ||     7
Dodge: Dodged            ||    64
